 Dungeon Crawl Stone Soup version 0.19-a0-1223-gf83d13a (webtiles) character file.

221 Duffy the Shield-Bearer (level 5, -1/47 HPs)
             Began as a Minotaur Fighter on Aug 24, 2016.
             Slain by an orc
             ... wielding a +0 morningstar of draining
              (8 damage)
             ... on level 5 of the Dungeon.
             The game lasted 00:01:58 (1620 turns).

Duffy the Shield-Bearer (Minotaur Fighter)          Turns: 1620, Time: 00:01:59

Health: -1/47      AC:  7    Str: 22    XL:     5   Next: 65%
Magic:  4/4        EV:  6    Int:  5    God:
Gold:   80         SH: 10    Dex:  9    Spells: 0 memorised, 4 levels left

rFire  . . .     SeeInvis .     a - +0 war axe
rCold  . . .     Gourm    .     b - +0 scale mail
rNeg   . . .     Faith    .     c - +1 shield
rPois  +         Spirit   .     (helmet restricted)
rElec  .         Dismiss  .     (no cloak)
rCorr  .         Reflect  .     (no gloves)
MR     .....     Harm     .     (no boots)
Stlth  ..........               (no amulet)
                                l - ring of poison resistance
                                j - -2 ring of evasion (curse)

@: drained
A: retaliatory headbutt, horns 2
a: no special abilities


You were on level 5 of the Dungeon.
You were near starving.

You visited 1 branch of the dungeon, and saw 5 of its levels.

You collected 80 gold pieces.

Inventory:

Hand Weapons
 a - a +0 war axe (weapon)
Armour
 b - a +0 scale mail (worn)
 c - a +1 shield (worn)
Rods
 r - a +0 rod of shadows (9/9)
   (You found it on level 4 of the Dungeon)
Jewellery
 j - a cursed -2 ring of evasion (left hand)
 l - a ring of poison resistance (right hand)
Scrolls
 e - a scroll of enchant armour
 h - a scroll of random uselessness {unknown}
 k - 4 scrolls of identify {unknown}
 m - a scroll of teleportation {unknown}
 q - a scroll of remove curse {unknown}
 s - a scroll of immolation {unknown}
Potions
 d - 2 potions of might
 i - a potion of brilliance {unknown}
 n - a potion of cure mutation {unknown}
 o - a potion of beneficial mutation {unknown}
 p - a potion of lignification {unknown}
Comestibles
 f - 2 bread rations
 g - a meat ration


   Skills:
 + Level 4.4(3.6) Fighting
 + Level 3.9(3.2) Axes
 + Level 4.6(3.8) Armour
 + Level 2.7(2.0) Dodging
 + Level 4.8(4.0) Shields


You had 4 spell levels left.
You didn't know any spells.

Dungeon Overview and Level Annotations

Branches:
Dungeon (5/15)
 Temple: D:4-7

Altars:
Ashenzari
Ru
Vehumet


Innate Abilities, Weirdness & Mutations

You reflexively headbutt those who attack you in melee.
You have a pair of horns on your head.


Message History

Something hits you but does no damage. The orc hits you but does no damage.
You feel drained. The orc hits you but does no damage.
You hear some strange, mumbled words.
Something tries to affect you, but you resist.
You're too confused to move!
The orc hits you but does no damage. Something hits you but does no damage.
The orc hits you with a morningstar of draining.
You feel drained. The orc hits you. The orc wizard casts a spell at you.
The magic dart hits you! Something hits you but does no damage.
You feel less confused. The orc hits you. You block the orc wizard's attack.
The orc hits you.
Unknown command.
You hit the orc but do no damage. Your headbutt misses the orc.
You hit the orc wizard. You hit the orc.
The orc wizard hits you but does no damage.
The orc hits you with a morningstar of draining!
You die...

##... ...## #. ##... #..)#. #.##
##..<# ##.#.. #...###
##########=..####.#.... #....#.
#.............##....#.[#####..#..
...................# #.#..###.#..
..................# ###....###.##
.....<....!...oo..# #....#..#...#
.#..............@## #...<.#..##.#
#.........###..oo# #...##)......
#...###..## ##...# #...##...##..
#..# #..# ##..# ##...##.....# ...
##.# #..# ##...#.....# ..# #.#
##..# ##........# .. #.# ##..#
##........ .. #.# #.# #........
#. #.....##.


You could see an orc wizard and 3 orcs.

Vanquished Creatures
  An ice beast (D:5)
  A crimson imp (D:5)
  A hound (D:5)
  An adder (D:4)
  A dart slug (D:5)
  2 giant geckos
  4 orcs
  3 giant cockroaches (D:1)
  4 goblins
  4 hobgoblins
  9 jackals
  A quokka (D:2)
  7 bats
  4 giant newts
  2 kobolds
  3 rats
48 creatures vanquished.

Notes
Turn   | Place    | Note
-------+----------+-------------------------------------------
     0 | D:1      | Duffy the Minotaur Fighter began the quest for the Orb.
     0 | D:1      | Reached XP level 1. HP: 19/19 MP: 0/0
   191 | D:1      | Reached XP level 2. HP: 26/27 MP: 1/1
   441 | D:1      | Reached skill level 1 in Dodging
   445 | D:1      | Reached XP level 3. HP: 32/33 MP: 2/2
   659 | D:2      | Found a radiant altar of Vehumet.
   660 | D:2      | Found a shattered altar of Ashenzari.
   868 | D:3      | You fall through a shaft for 2 floors!
   868 | D:5      | Entered Level 5 of the Dungeon
   876 | D:5      | Noticed an ice beast
   886 | D:5      | Killed an ice beast
   886 | D:5      | Reached XP level 4. HP: 24/40 MP: 3/3
   886 | D:5      | Reached XP level 5. HP: 27/46 MP: 4/4
  1356 | D:4      | Found a sacrificial altar of Ru.
  1620 | D:5      | Slain by an orc

Vault maps used:
D:1:      dpeg_arrival_connections
D:2:      gammafunk_temple_overflow_pools
D:3:      uniq_iyjb
D:4:      marbit_many_paths
D:5:      first_bread, uniq_prince_ribbit1, uniq_grinder

Skill      XL: |  1  2  3 |
---------------+----------+-----
Shields        | 4 |  4.8
Dodging        | 1 2 |  2.7
Armour         | 4 |  4.6
Axes           | 3 |  3.9
Fighting       | 4 |  4.4

Action                   |  1- 3 |  4- 6 || total
-------------------------+-------+-------++-------
Melee: War axe           |   106 |    45 ||   151
       Headbutt          |    18 |     4 ||    22
  Use: Scroll            |     1 |       ||     1
  Eat: Chunk             |       |     1 ||     1
Armor: Scale mail        |    86 |    24 ||   110
Dodge: Dodged            |    33 |    10 ||    43
Block: Shield            |    82 |    27 ||   109
